[ AOE2 MATCH · #507628403 ]
UnrankedBohemians vs Wei
Player's team · LOSS
Rival team · WIN
[ REPLAY ANALYSIS · EXTRACTED FROM THE RECORDED GAME ]
Feudal
10:56
Castle
16:30
Imperial
33:21
| APM avg | 50.1 |
| APM peak | 120 |
| eAPM avg | 30.4 |
| Villagers / military | 141 / 167 |
Focus
⚔️ 55.4% · 🌾 44.6%
Spearman ×137 · Hussite Wagon ×29 · Mangonel ×1
Feudal
8:50
Castle
21:24
Imperial
29:37
| APM avg | 41.3 |
| APM peak | 100 |
| eAPM avg | 22.0 |
| Villagers / military | 130 / 2 |
Focus
⚔️ 31.3% · 🌾 68.7%
Unknown (1952) ×43 · Unknown (1949) ×12 · Unknown (1942) ×9 · Monk ×2
Match map
Initial resources + every placement click. Lines = walls · curves = elevation contours. ◆ gold · ⬟ stone · ● berries · ✦ relic · ◌ wall gap
Your base· ✓ Closed at 16:30 · 8t walls · 2 gate(s)
DK_Exmerior's base· ✓ Closed at 21:24 · 0t walls · 2 gate(s)
Smoothed initial terrain · ◌ = detected wall gap · hover for details
Inputs per minute
— Ra - - DK_Exmerior
Build order — Ra
First 150 of 480 actions detected
| 0:00 | Queue | Villager (Male) |
| 0:00 | Queue | Villager (Male) |
| 0:00 | Queue | Villager (Male) |
| 0:02 | Build | House |
| 0:02 | Build | House |
| 0:10 | Queue | Villager (Male) |
| 1:24 | Queue | Villager (Male) |
| 1:56 | Build | Lumber Camp |
| 1:56 | Queue | Villager (Male) |
| 2:11 | Queue | Villager (Male) |
| 2:45 | Queue | Villager (Male) |
| 3:15 | Queue | Villager (Male) |
| 3:16 | Queue | Villager (Male) |
| 3:16 | Queue | Villager (Male) |
| 3:45 | Build | House |
| 3:51 | Build | House |
| 3:56 | Build | House |
| 4:11 | Queue | Villager (Male) |
| 4:16 | Queue | Villager (Male) |
| 4:19 | Queue | Villager (Male) |
| 4:19 | Queue | Villager (Male) |
| 4:57 | Build | Mill |
| 5:19 | Queue | Villager (Male) |
| 5:19 | Queue | Villager (Male) |
| 5:53 | Queue | Villager (Male) |
| 5:54 | Queue | Villager (Male) |
| 5:58 | Queue | Villager (Male) |
| 6:22 | Queue | Villager (Male) |
| 6:45 | Build | Mining Camp |
| 7:38 | Build | Lumber Camp |
| 7:42 | Build | Lumber Camp |
| 8:21 | Queue | Villager (Male) |
| 8:24 | Build | Farm |
| 8:34 | Research | Feudal Age |
| 9:08 | Build | House |
| 9:11 | Build | House |
| 9:13 | Build | House |
| 9:17 | Build | House |
| 9:20 | Build | House |
| 9:27 | Build | House |
| 9:31 | Build | House |
| 9:34 | Build | House |
| 9:49 | Build | Palisade Wall |
| 10:13 | Build | House |
| 10:39 | Queue | Villager (Male) |
| 10:56 | Age | Feudal Age |
| 11:01 | Build | Watch Tower |
| 11:10 | Queue | Villager (Male) |
| 11:19 | Build | Market |
| 11:29 | Build | Palisade Wall |
| 11:30 | Build | Palisade Wall |
| 11:32 | Build | Palisade Wall |
| 11:36 | Build | Palisade Wall |
| 11:42 | Build | Palisade Wall |
| 11:50 | Build | Palisade Wall |
| 11:52 | Build | Palisade Wall |
| 11:59 | Build | Mining Camp |
| 12:00 | Queue | Villager (Male) |
| 12:07 | Build | House |
| 12:19 | Build | Blacksmith |
| 12:34 | Research | Loom |
| 13:10 | Build | Farm |
| 13:11 | Build | Farm |
| 13:13 | Build | Farm |
| 13:31 | Build | Watch Tower |
| 13:50 | Research | Castle Age |
| 14:00 | Build | House |
| 14:02 | Build | Palisade Wall |
| 14:40 | Research | Fletching |
| 14:41 | Research | Fletching |
| 15:08 | Build | Barracks |
| 15:13 | Research | Double-Bit Axe |
| 15:18 | Build | Farm |
| 15:18 | Build | Farm |
| 15:18 | Build | Farm |
| 15:19 | Build | Farm |
| 15:24 | Build | Farm |
| 15:58 | Queue | Villager (Male) |
| 16:30 | Age | Castle Age |
| 16:32 | Queue | Villager (Male) |
| 16:39 | Build | Siege Workshop |
| 16:45 | Queue | Villager (Male) |
| 16:52 | Queue | Villager (Male) |
| 17:27 | Build | Farm |
| 17:30 | Queue | Mangonel |
| 17:34 | Queue | Villager (Male) |
| 17:37 | Build | Farm |
| 18:03 | Queue | Villager (Male) |
| 18:43 | Queue | Villager (Male) |
| 19:11 | Queue | Villager (Male) |
| 19:29 | Build | Farm |
| 19:29 | Queue | Villager (Male) |
| 19:45 | Queue | Villager (Male) |
| 19:52 | Queue | Villager (Male) |
| 19:57 | Queue | Villager (Male) |
| 20:00 | Build | Stone Wall |
| 20:12 | Build | Farm |
| 20:14 | Build | Farm |
| 20:46 | Queue | Villager (Male) |
| 20:48 | Build | Farm |
| 20:50 | Research | Horse Collar |
| 21:06 | Build | Town Center |
| 21:07 | Research | Bow Saw |
| 21:16 | Queue | Villager (Male) |
| 21:26 | Queue | Villager (Male) |
| 22:11 | Queue | Villager (Male) |
| 22:14 | Build | Outpost |
| 22:16 | Build | Outpost |
| 22:18 | Research | Town Watch |
| 22:19 | Queue | Villager (Male) |
| 22:19 | Queue | Villager (Male) |
| 22:20 | Queue | Villager (Male) |
| 22:24 | Build | Farm |
| 22:29 | Build | House |
| 22:29 | Build | House |
| 22:30 | Build | House |
| 22:52 | Queue | Villager (Male) |
| 23:04 | Queue | Villager (Male) |
| 23:04 | Queue | Villager (Male) |
| 23:12 | Build | Town Center |
| 23:21 | Queue | Villager (Male) |
| 23:21 | Queue | Villager (Male) |
| 23:25 | Build | Farm |
| 23:33 | Build | House |
| 23:34 | Build | House |
| 23:43 | Build | Outpost |
| 23:45 | Queue | Villager (Male) |
| 23:49 | Build | Farm |
| 23:52 | Build | Farm |
| 23:55 | Build | Farm |
| 23:56 | Queue | Villager (Male) |
| 24:07 | Build | Farm |
| 24:11 | Queue | Villager (Male) |
| 24:21 | Build | Outpost |
| 24:33 | Build | Outpost |
| 24:36 | Build | Farm |
| 24:36 | Queue | Villager (Male) |
| 24:37 | Queue | Villager (Male) |
| 24:48 | Queue | Villager (Male) |
| 24:49 | Queue | Villager (Male) |
| 24:50 | Queue | Villager (Male) |
| 24:50 | Queue | Villager (Male) |
| 24:58 | Queue | Spearman |
| 25:02 | Build | Farm |
| 25:11 | Queue | Villager (Male) |
| 25:13 | Build | House |
| 25:24 | Queue | Villager (Male) |
| 25:25 | Queue | Villager (Male) |
| 25:26 | Build | Outpost |
| 25:33 | Build | Farm |
Build order — DK_Exmerior
First 150 of 337 actions detected
| 0:00 | Queue | Villager (Male) |
| 0:00 | Queue | Villager (Male) |
| 0:01 | Queue | Villager (Male) |
| 0:02 | Build | House |
| 0:02 | Build | House |
| 0:18 | Queue | Villager (Male) |
| 0:19 | Queue | Villager (Male) |
| 1:27 | Queue | Villager (Male) |
| 1:58 | Build | Lumber Camp |
| 2:04 | Queue | Villager (Male) |
| 2:04 | Queue | Villager (Male) |
| 2:46 | Queue | Villager (Male) |
| 2:46 | Queue | Villager (Male) |
| 3:16 | Queue | Villager (Male) |
| 3:25 | Build | House |
| 3:45 | Queue | Villager (Male) |
| 4:08 | Queue | Villager (Male) |
| 4:25 | Build | Mill |
| 4:27 | Queue | Villager (Male) |
| 4:48 | Queue | Villager (Male) |
| 5:07 | Queue | Villager (Male) |
| 5:08 | Research | Loom |
| 5:16 | Queue | Villager (Male) |
| 5:16 | Research | Loom |
| 6:32 | Research | Feudal Age |
| 6:35 | Build | Mining Camp |
| 7:18 | Build | House |
| 7:28 | Queue | Villager (Male) |
| 8:50 | Age | Feudal Age |
| 8:53 | Build | Watch Tower |
| 8:56 | Research | Double-Bit Axe |
| 8:57 | Research | Horse Collar |
| 9:03 | Queue | Villager (Male) |
| 9:06 | Queue | Villager (Male) |
| 9:18 | Build | House |
| 9:54 | Queue | Villager (Male) |
| 10:03 | Research | Stone Mining |
| 10:14 | Build | House |
| 10:48 | Queue | Villager (Male) |
| 10:48 | Queue | Villager (Male) |
| 10:59 | Queue | Villager (Male) |
| 11:30 | Build | Blacksmith |
| 11:44 | Build | Watch Tower |
| 12:01 | Queue | Villager (Male) |
| 12:05 | Research | Fletching |
| 12:16 | Build | Farm |
| 12:18 | Queue | Villager (Male) |
| 12:27 | Build | Farm |
| 12:45 | Build | Farm |
| 12:47 | Build | Farm |
| 12:49 | Queue | Villager (Male) |
| 13:18 | Queue | Villager (Male) |
| 13:22 | Build | Farm |
| 13:25 | Queue | Villager (Male) |
| 13:27 | Build | House |
| 13:48 | Queue | Villager (Male) |
| 13:53 | Build | Farm |
| 13:55 | Build | Farm |
| 13:57 | Build | Farm |
| 14:02 | Queue | Villager (Male) |
| 14:08 | Build | House |
| 14:33 | Build | Watch Tower |
| 14:42 | Build | Watch Tower |
| 14:52 | Build | Watch Tower |
| 14:59 | Queue | Villager (Male) |
| 15:00 | Queue | Villager (Male) |
| 15:06 | Build | Farm |
| 15:09 | Build | Mining Camp |
| 15:17 | Build | Farm |
| 15:18 | Queue | Villager (Male) |
| 15:41 | Queue | Villager (Male) |
| 15:42 | Build | Farm |
| 15:45 | Build | Farm |
| 16:16 | Queue | Villager (Male) |
| 16:16 | Queue | Villager (Male) |
| 16:29 | Queue | Villager (Male) |
| 16:30 | Queue | Villager (Male) |
| 16:38 | Build | Farm |
| 16:47 | Build | Market |
| 17:11 | Build | House |
| 17:17 | Build | House |
| 17:28 | Queue | Villager (Male) |
| 17:28 | Queue | Villager (Male) |
| 17:59 | Build | Farm |
| 18:01 | Build | Farm |
| 18:09 | Build | House |
| 18:12 | Build | Farm |
| 18:34 | Research | Castle Age |
| 19:52 | Research | Gold Mining |
| 20:19 | Queue | Villager (Male) |
| 21:24 | Age | Castle Age |
| 21:34 | Research | Wheelbarrow |
| 21:35 | Research | Bow Saw |
| 21:35 | Research | Heavy Plow |
| 21:38 | Build | Town Center |
| 21:51 | Build | Town Center |
| 21:56 | Build | House |
| 22:01 | Build | House |
| 22:14 | Build | Outpost |
| 22:15 | Build | Outpost |
| 22:19 | Queue | Villager (Male) |
| 22:19 | Queue | Villager (Male) |
| 22:21 | Research | Gold Shaft Mining |
| 22:53 | Build | House |
| 23:05 | Build | Farm |
| 23:08 | Queue | Villager (Male) |
| 23:08 | Queue | Villager (Male) |
| 23:22 | Build | House |
| 23:23 | Queue | Villager (Male) |
| 23:23 | Queue | Villager (Male) |
| 23:32 | Build | Outpost |
| 23:38 | Queue | Villager (Male) |
| 23:38 | Queue | Villager (Male) |
| 23:41 | Build | Monastery |
| 23:45 | Research | Stone Shaft Mining |
| 23:57 | Build | Farm |
| 23:58 | Build | Farm |
| 23:59 | Queue | Villager (Male) |
| 23:59 | Queue | Villager (Male) |
| 24:15 | Build | Outpost |
| 24:18 | Queue | Villager (Male) |
| 24:18 | Queue | Villager (Male) |
| 24:18 | Queue | Monk |
| 24:19 | Queue | Monk |
| 24:22 | Build | House |
| 24:24 | Queue | Villager (Male) |
| 24:25 | Queue | Villager (Male) |
| 24:38 | Build | Castle |
| 24:40 | Build | Mining Camp |
| 24:42 | Queue | Villager (Male) |
| 24:43 | Queue | Villager (Male) |
| 24:47 | Build | Farm |
| 24:48 | Build | Farm |
| 24:49 | Build | Farm |
| 24:51 | Build | Farm |
| 24:53 | Build | Farm |
| 24:55 | Build | Farm |
| 25:00 | Queue | Villager (Male) |
| 25:01 | Queue | Villager (Male) |
| 25:22 | Build | Monastery |
| 25:34 | Build | University |
| 25:44 | Queue | Villager (Male) |
| 25:44 | Queue | Villager (Male) |
| 25:47 | Build | Farm |
| 25:48 | Build | Farm |
| 26:27 | Research | Imperial Age |
| 26:37 | Build | Mill |
| 26:38 | Build | Farm |
| 26:38 | Build | Farm |
| 26:38 | Build | Farm |
Match timeline
| 8:50 | DK_Exmerior · age_up feudal |
| 9:49 | Ra · wall_segment Palisade Wall x1 |
| 10:56 | Ra · age_up feudal |
| 11:29 | Ra · wall_segment Palisade Wall x1 |
| 11:30 | Ra · wall_segment Palisade Wall x1 |
| 11:32 | Ra · wall_segment Palisade Wall x1 |
| 11:36 | Ra · wall_segment Palisade Wall x1 |
| 11:42 | Ra · wall_segment Palisade Wall x1 |
| 11:50 | Ra · wall_segment Palisade Wall x1 |
| 11:52 | Ra · wall_segment Palisade Wall x1 |
| 14:02 | Ra · wall_segment Palisade Wall x1 |
| 15:08 | Ra · first_building Barracks |
| 16:30 | Ra · age_up castle |
| 16:39 | Ra · first_building Siege Workshop |
| 18:40 | Ra · first_market_buy 100 stone |
| 20:00 | Ra · wall_segment Stone Wall x1 |
| 21:24 | DK_Exmerior · age_up castle |
| 23:41 | DK_Exmerior · first_building Monastery |
| 24:38 | DK_Exmerior · first_building Castle |
| 26:26 | DK_Exmerior · first_market_buy 100 food |
| 27:36 | DK_Exmerior · first_building Siege Workshop |
| 29:23 | Ra · first_building Castle |
| 29:37 | DK_Exmerior · age_up imperial |
| 29:40 | Ra · first_building Monastery |
| 30:51 | DK_Exmerior · first_building Barracks |
| 33:07 | DK_Exmerior · first_building Archery Range |
| 33:21 | Ra · age_up imperial |
| 33:46 | DK_Exmerior · first_building Stable |
| 41:07 | Ra · resign |
[ AI ANALYSIS · 1 CREDIT ]
What really happened in this match?
Wolo.gg analyzes every decision: build order, eco, micro, common mistakes by bracket. Personalized analysis on WhatsApp or Discord in 30 seconds.
Civ guide
Bohemians
Perfil
Ra